[Event "Tech Mahindra GCL Final 2024"]
[Site "London"]
[Date "2024.10.12"]
[Round "2"]
[White "Nihal Sarin"]
[Black "Sindarov, Javokhir"]
[Result "1/2-1/2"]
[ECO "D02"]
[WhiteElo "2668"]
[BlackElo "2668"]
[Annotator "TA"]
[PlyCount "94"]
[EventDate "2024.09.29"]
[EventType "team-tourn"]
[EventCountry "ENG"]
[SourceTitle "playchess.com"]
[Source "ChessBase"]
[SourceQuality "1"]
[WhiteTeam "Alaskan Knights"]
[BlackTeam "Triveni Continental Kings"]
[TimeControl "1200"]

1. d4 Nf6 2. Nf3 d5 3. c3 e6 4. Bf4 c5 5. e3 Qb6 6. Qb3 Nc6 7. Be2 Be7 8. Nbd2 O-O {[%emt 0:01:07] White has an edge.} 9. h4 Bd7 10. Ne5 Nxe5 11. dxe5 Ne4 12. Nxe4 dxe4 13. h5 (13. Bg5 $14 Bd8 14. Qxb6 axb6 15. O-O-O) 13... Bc6 14. g4 Rfd8 15. g5 Qxb3 16. axb3 g6 17. Bd1 Rd7 18. Bc2 Rad8 19. Rd1 {[%emt 0:00:28] Against Rd2} (19. Rxa7 $2 {too greedy.} Rd2 20. h6 Rxc2 $19) 19... Rxd1+ 20. Bxd1 Bb5 21. Bc2 Bd3 22. Bxd3 Rxd3 $11 {[%emt 0:00:52][%mdl 4096] Endgame. KRB-KRB} 23. Ke2 (23. hxg6 $11 {is more appropriate.} hxg6 24. Ke2) 23... a5 (23... gxh5 $15 24. Rxh5 b5) 24. hxg6 {[%emt 0:00:30] The position is equal.} hxg6 25. Ra1 b6 26. Ra4 Rd7 27. Rxe4 b5 {[%emt 0:00:01] Against Ra4} 28. f3 Kg7 29. Bg3 Bxg5 30. Bh4 Bxh4 31. Rxh4 {[%emt 0:00:01] KR-KR} Rd5 32. f4 c4 33. bxc4 bxc4 34. Rh2 f6 35. exf6+ Kxf6 36. Kf3 g5 37. Ke4 gxf4 $1 38. exf4 Ke7 39. Rh7+ Kd6 40. Ra7 Rb5 41. Ra6+ Kd7 42. Ke3 Rxb2 43. Rxa5 Rc2 44. Kd4 Rf2 45. Ra7+ Kd6 46. Ra6+ Ke7 47. Kxc4 Rxf4+ {[%emt 0:00:01] Weighted Error Value: White=0.06 (flawless) /Black=0.04 (flawless) .  Mistake:       	White=2     	Black=1      Inaccurate:     	White=2     	Black=1      OK:         	White=17    	Black=18     Best:        	White=1     	Black=3      Strong:       	---       	Black=1} 1/2-1/2

[Event "Tech Mahindra GCL Final 2024"]
[Site "London"]
[Date "2024.10.12"]
[Round "2"]
[White "Tan, Zhongyi"]
[Black "Kosteniuk, Alexandra"]
[Result "0-1"]
[ECO "B13"]
[WhiteElo "2551"]
[BlackElo "2480"]
[Annotator "RC"]
[PlyCount "186"]
[EventDate "2024.09.29"]
[EventType "team-tourn"]
[EventCountry "ENG"]
[SourceTitle "playchess.com"]
[Source "ChessBase"]
[SourceQuality "1"]
[WhiteTeam "Alaskan Knights"]
[BlackTeam "Triveni Continental Kings"]
[TimeControl "1200"]

1. d4 Nf6 2. Nc3 d5 3. Bf4 c5 4. e3 cxd4 5. exd4 Bg4 6. Be2 Bxe2 7. Ncxe2 Nc6 8. Nf3 e6 9. O-O Bd6 10. c3 Qc7 11. Bxd6 Qxd6 12. a4 O-O 13. Nc1 Ne4 14. Nd3 Ne7 15. Re1 Nf5 16. Nfe5 Rac8 17. f3 Nf6 18. Qd2 Nd7 19. Ng4 Rfe8 20. Re2 Qb6 21. Kh1 a5 22. Rae1 Qd8 23. g3 h6 24. Kg2 Qg5 25. Nf4 Nd6 26. h4 Qf5 27. Ne3 Qf6 28. Qd3 Nb6 29. Nh5 Qd8 30. Qd1 g6 31. Nf4 Nf5 32. Nxf5 gxf5 33. Kh3 Nc4 34. Nh5 Kh7 35. g4 Nd6 36. Qd3 Rg8 37. Re5 Kh8 38. Qd2 Rg6 39. Nf4 Rg7 40. Nh5 Rg6 41. Qf4 Kh7 42. Ng3 fxg4+ 43. fxg4 Qf6 44. Qxf6 Rxf6 45. R5e2 Rf3 46. Kg2 Rf4 47. Kh3 Rf3 48. Kg2 Rf4 49. Kh3 Rf3 50. Re3 Rxe3 51. Rxe3 Nc4 52. Re2 Nb6 53. Rf2 Rc7 54. b3 Kg8 55. Rf3 Nc8 56. Nh5 Nd6 57. Nf6+ Kg7 58. g5 hxg5 59. hxg5 Rc8 60. Kg4 Nf5 61. Nh5+ Kg6 62. Rh3 Nd6 63. Nf6 Nf5 64. Kf4 b6 65. Ng4 Kg7 66. Nf6 Kg6 67. Nd7 Nd6 68. Ne5+ Kg7 69. Rg3 Nf5 70. Rh3 Nd6 71. Rf3 Ne4 72. Kg4 Nd6 73. c4 dxc4 74. bxc4 Rc7 75. Rc3 f6 76. gxf6+ Kxf6 77. Kf4 Ke7 78. c5 bxc5 79. dxc5 Nf5 80. c6 Nd4 81. Rc5 Kd6 82. Rc4 Nxc6 83. Nd3 Ne7 84. Rd4+ Nd5+ 85. Ke4 Rh7 86. Kf3 Rh3+ 87. Ke2 Rh2+ 88. Ke1 Ra2 89. Nf4 Ra1+ 90. Ke2 Ra2+ 91. Kf3 Ra3+ 92. Ke4 Rxa4 93. Rxa4 Nc3+ 0-1

[Event "Tech Mahindra GCL Final 2024"]
[Site "London"]
[Date "2024.10.12"]
[Round "2"]
[White "Kashlinskaya, Alina"]
[Black "Gunina, Valentina"]
[Result "0-1"]
[ECO "D17"]
[WhiteElo "2493"]
[BlackElo "2425"]
[Annotator "RC"]
[PlyCount "176"]
[EventDate "2024.09.29"]
[EventType "team-tourn"]
[EventCountry "ENG"]
[SourceTitle "playchess.com"]
[Source "ChessBase"]
[SourceQuality "1"]
[WhiteTeam "Alaskan Knights"]
[BlackTeam "Triveni Continental Kings"]
[TimeControl "1200"]

1. d4 d5 2. c4 c6 3. Nf3 Nf6 4. Nc3 dxc4 5. a4 Bf5 6. Ne5 Nbd7 7. Nxc4 Nb6 8. Ne5 a5 9. e3 Nbd7 10. Nc4 e6 11. f3 Bb4 12. e4 Bg6 13. Be3 O-O 14. Qb3 Qb8 15. Be2 Ne8 16. O-O b5 17. axb5 cxb5 18. Nd2 Bd6 19. e5 b4 20. Nb5 Be7 21. f4 Nb6 22. Bf2 a4 23. Qf3 Nd5 24. h4 f5 25. h5 Bf7 26. Rfc1 Ra5 27. Nb3 Rxb5 28. Bxb5 Qxb5 29. Nc5 Nec7 30. h6 gxh6 31. Nxa4 Kh8 32. Nc5 Rg8 33. Ra7 Qe8 34. Nd3 Bh5 35. Qh3 Nb5 36. Rxe7 Nxe7 37. Bh4 Nd5 38. Nxb4 Nbc7 39. Rxc7 Nxc7 40. Bf6+ Rg7 41. Qc3 Qd7 42. Qh3 Qxd4+ 43. Kh1 Qd1+ 44. Kh2 Ne8 45. Bxg7+ Kxg7 46. Nd3 Qg4 47. Qe3 Qh4+ 48. Kg1 Qd8 49. b4 Nc7 50. Nc5 Bf7 51. Qg3+ Kf8 52. Qf2 h5 53. Kh2 Be8 54. Qa2 Qh4+ 55. Kg1 Qe1+ 56. Kh2 Qxb4 57. Nxe6+ Nxe6 58. Qxe6 Qxf4+ 59. Kg1 Qg5 60. Qd6+ Kg7 61. Qc7+ Bf7 62. Qc3 Be6 63. Qc7+ Kg8 64. Qb8+ Kf7 65. Qh8 Qg7 66. Qb8 Kg6 67. Qd6 Qd7 68. Qb6 h4 69. Kh2 h3 70. Kxh3 f4+ 71. Kh2 Kf5 72. Qc5 Qd3 73. Qf8+ Kxe5 74. Qh8+ Kd5 75. Qa8+ Kd4 76. Qa7+ Ke5 77. Qg7+ Kd6 78. Qf8+ Kd7 79. Qxf4 Qd6 80. Kg3 h5 81. Qxd6+ Kxd6 82. Kf4 Bg4 83. Ke4 Ke6 84. Kf4 Kd5 85. Kg3 Ke4 86. Kh4 Kf4 87. g3+ Kf3 88. Kg5 Kxg3 0-1